AoeStats
← tarepo

Arena

509927021Analyzed
4v4 RM · 2d ago on Sep 28, 2026· 49m 8s· 8 players
Game mode
Random Map
Map size
Large (8 player)
Population
200
Speed
Normal
Resources
Standard
Victory
Conquest
Starting age
Dark Age
Ending age
Imperial Age
RankedLock teamsTeams togetherTeam positionsShared explorationLock speedFull tech treeHidden civsTurbo modeCheats
Victory
Defeat
🇩🇰 Cumans · Denmark
715
+8
🇵🇪 Spanish · Peru
681
+10
🇨🇴 Slavs · Colombia
653
+11
🇦🇺 Franks · Australia
623
+12
🇨🇭 Spanish · Switzerland
681
-15
🇮🇳 Khmer · India
592
-12
🇦🇷 Celts · Argentina
460
-8
🇺🇸 Huns · United States
399
-6
Ambwind
10:37 Loom
12:43 Feudal Age
19:13 Man-at-Arms
19:40 Arson
tarepo
11:42 Feudal Age
16:28 Castle Age
14:28 Double-Bit Axe
15:48 Stone Mining
16:14 Horse Collar
17:01 Gold Mining
20:05 Bow Saw
22:16 Wheelbarrow
22:27 Town Watch
23:36 Pikeman
24:16 Squires
25:46 Scale Mail Armor
25:57 Forging
26:29 Stone Shaft Mining
27:06 Loom
27:38 Hand Cart
29:15 Heavy Plow
29:40 Caravan
34:42 Imperial Age
33:08 Husbandry
33:19 Bloodlines
34:33 Scale Barding Armor
35:04 Iron Casting
34:42 Town Patrol
35:56 Chain Barding Armor
35:53 Chain Mail Armor
35:00 Halberdier
35:43 Cavalier
38:38 Blast Furnace
38:14 Plate Barding Armor
40:11 Two-Man Saw
39:06 Light Cavalry
40:41 Paladin
42:20 Plate Mail Armor
43:16 Conscription
43:14 Masonry
42:59 Murder Holes
44:05 Chemistry
javitostar19
11:46 Feudal Age
13:48 Wheelbarrow
19:39 Castle Age
23:47 Crossbowman
25:48 Double-Bit Axe
27:21 Hand Cart
32:47 Imperial Age
32:09 Elite Skirmisher
36:49 Cavalier
38:54 Town Watch
40:29 Conscription
40:31 Forging
40:21 Scale Mail Armor
40:26 Scale Barding Armor
40:11 Fletching
40:49 Caravan
45:08 Light Cavalry
Man_at_arms_rush_FC
5:49 Loom
11:52 Feudal Age
15:24 Wheelbarrow
15:41 Horse Collar
15:52 Double-Bit Axe
15:59 Gold Mining
16:15 Stone Mining
20:35 Castle Age
22:46 Hand Cart
22:33 Heavy Plow
22:47 Bow Saw
23:17 Gold Shaft Mining
23:19 Stone Shaft Mining
22:46 Town Watch
25:27 Town Patrol
25:43 Fletching
29:08 Bodkin Arrow
29:37 Bloodlines
29:27 Husbandry
30:32 Ballistics
30:08 Murder Holes
30:42 Fortified Wall
35:53 Imperial Age
35:26 Forging
35:22 Scale Barding Armor
35:18 Padded Archer Armor
37:22 Double Crossbow
38:46 Parthian Tactics
38:25 Bracer
38:42 Leather Archer Armor
39:02 Iron Casting
38:47 Chain Barding Armor
BeoWulft
1:03 Loom
13:24 Feudal Age
15:47 Horse Collar
15:59 Double-Bit Axe
17:22 Gold Mining
18:40 Stone Mining
22:26 Castle Age
24:42 Bow Saw
24:37 Heavy Plow
28:30 Stone Shaft Mining
28:44 Wheelbarrow
29:58 Hand Cart
30:35 Town Watch
31:21 Town Patrol
37:21 Imperial Age
35:56 Ballistics
35:44 Scale Barding Armor
35:49 Forging
35:40 Scale Mail Armor
35:30 Fletching
35:40 Padded Archer Armor
37:22 Husbandry
37:32 Cavalier
39:36 Chemistry
38:46 Elite Conquistador
39:13 Paladin
40:50 Chain Barding Armor
40:27 Bodkin Arrow
40:48 Leather Archer Armor
43:09 Plate Barding Armor
42:36 Bracer
46:36 Ring Archer Armor
46:41 Iron Casting
46:22 Chain Mail Armor
46:38 Conscription
HomerForest
11:58 Feudal Age
13:10 Double-Bit Axe
14:43 Wheelbarrow
13:54 Horse Collar
15:36 Loom
24:55 Castle Age
27:01 Gold Mining
29:11 Bow Saw
30:35 Hand Cart
30:44 Elite Skirmisher
30:48 Light Cavalry
31:38 Bloodlines
34:34 Imperial Age
34:19 Gold Shaft Mining
33:35 Stone Mining
34:19 Masonry
34:06 Murder Holes
34:25 Pikeman
35:06 Squires
36:17 Chemistry
37:38 Ballistics
40:04 Fortified Wall
39:45 Guard Tower
44:32 Hoardings
45:19 Siege Engineers
45:29 Forging
45:25 Scale Barding Armor
45:20 Scale Mail Armor
45:11 Fletching
45:16 Hussar
45:57 Husbandry
47:58 Onager
48:55 Heavy Plow
49:45 Iron Casting
49:31 Chain Barding Armor
50:19 Two-Man Saw
Huilderi
12:24 Feudal Age
16:39 Wheelbarrow
18:46 Double-Bit Axe
21:54 Scale Barding Armor
22:00 Forging
23:54 Castle Age
24:17 Gold Mining
34:46 Iron Casting
34:32 Chain Barding Armor
38:34 Imperial Age
39:15 Cavalier
40:50 Plate Barding Armor
41:17 Blast Furnace
42:40 Paladin
45:12 Gold Shaft Mining
44:27 Stone Mining
44:24 Town Watch
44:57 Hand Cart
45:03 Bow Saw
Gobbor
0:46 Loom
10:50 Feudal Age
14:49 Wheelbarrow
15:29 Double-Bit Axe
18:32 Horse Collar
20:27 Gold Mining
22:31 Stone Mining
27:31 Castle Age
27:04 Bloodlines
27:10 Padded Archer Armor
27:03 Fletching
29:12 Gold Shaft Mining
28:39 Heavy Plow
28:56 Bow Saw
28:54 Caravan
30:17 Bodkin Arrow
30:37 Leather Archer Armor
30:35 Thumb Ring
31:23 Steppe Husbandry
31:50 Hand Cart
33:55 Ballistics
36:08 Imperial Age
34:49 Steppe Husbandry
37:21 Parthian Tactics
37:29 Ring Archer Armor
38:01 Chemistry
37:24 Conscription
37:15 Cuman Mercenaries
39:17 Elite Kipchak
Connection lost

Rejoining the realm…

Still unreachable

The connection could not be restored.

Session expired

The server has moved on; the page needs a fresh start.